AoeStats
← Kez

African Clearing

510318049Analyzed
3v3 RM · 20h ago on Sep 30, 2026· 46m 30s· 6 players
Game mode
Random Map
Map size
Normal (6 player)
Population
200
Speed
Normal
Resources
Standard
Victory
Conquest
Starting age
Dark Age
Ending age
Imperial Age
RankedLock teamsTeams togetherTeam positionsShared explorationLock speedFull tech treeHidden civsTurbo modeCheats
Victory
Defeat
🇨🇴 Gurjaras · Colombia
1334
+13
🇳🇱 Cumans · Netherlands
1252
+16
🇨🇱 Varangians · Chile
1236
+16
🇻🇳 Berbers · Vietnam
1289
-17
🇭🇰 Persians · Hong Kong SAR China
1261
-15
🇹🇼 Celts · Taiwan
1208
-13
cheung1993
14:09 Feudal Age
14:35 Loom
15:44 Wheelbarrow
19:11 Castle Age
18:43 Double-Bit Axe
19:56 Bow Saw
21:29 Horse Collar
25:26 Scale Mail Armor
26:25 Chain Mail Armor
25:45 Pikeman
30:31 Squires
43:41 Heavy Plow
板橋伐木工
3:19 Loom
14:49 Feudal Age
18:54 Castle Age
26:06 Fletching
27:42 Pikeman
31:00 Double-Bit Axe
31:42 Gambesons
32:02 Scale Mail Armor
36:11 Chain Mail Armor
36:07 Forging
36:49 Bow Saw
41:37 Imperial Age
40:23 Wheelbarrow
40:22 Gold Mining
40:25 Stone Mining
41:38 Halberdier
42:51 Plate Mail Armor
42:56 Iron Casting
MemeManVai
11:15 Loom
13:00 Feudal Age
17:27 Castle Age
15:14 Double-Bit Axe
25:27 Wheelbarrow
25:38 Fletching
25:53 Padded Archer Armor
28:48 Bodkin Arrow
29:34 Leather Archer Armor
30:41 Bow Saw
30:16 Horse Collar
41:54 Imperial Age
39:41 Gold Mining
39:41 Stone Mining
40:49 Hand Cart
40:27 Town Watch
41:00 Thumb Ring
41:35 Kasbah
42:37 Bracer
43:08 Ring Archer Armor
42:00 Elite Camel Archer
44:24 Conscription
43:36 Elite Camel Archer
44:37 Conscription
43:55 Heavy Camel Rider
44:35 Husbandry
44:45 Bloodlines
45:30 Town Patrol
46:51 Ballistics
47:33 Chemistry
46:54 Ballistics
46:15 Treadmill Crane
46:30 Murder Holes
Kez
8:29 Loom
11:38 Feudal Age
13:26 Double-Bit Axe
17:32 Bloodlines
21:48 Castle Age
20:02 Horse Collar
24:08 Scale Barding Armor
26:48 Wheelbarrow
33:28 Imperial Age
33:19 Chain Barding Armor
33:15 Forging
33:30 Elite Steppe Lancer
35:38 Plate Barding Armor
36:41 Iron Casting
36:53 Hand Cart
36:24 Town Watch
37:04 Capped Ram
39:13 Gold Mining
40:35 Blast Furnace
40:23 Town Patrol
41:54 Chemistry
41:14 Ballistics
43:12 Conscription
42:54 Steppe Husbandry
44:13 Fletching
46:12 Bodkin Arrow
46:29 Masonry
Crusader
3:03 Loom
10:27 Loom
14:15 Feudal Age
16:42 Horse Collar
16:56 Gold Mining
22:39 Castle Age
21:04 Stone Mining
21:22 Double-Bit Axe
25:33 Wheelbarrow
25:20 Heavy Plow
28:48 Forging
30:49 Bow Saw
31:03 Scale Barding Armor
32:10 Bloodlines
32:01 Husbandry
33:38 Iron Casting
36:54 Imperial Age
35:01 Vendel Legacy
36:35 Chain Barding Armor
36:51 Hand Cart
38:16 Crop Rotation
38:56 Blast Furnace
39:25 Plate Barding Armor
39:56 Town Watch
41:40 Cavalier
43:11 Town Patrol
43:45 Fortified Wall
[MLTS] RKotzen
9:57 Loom
12:32 Feudal Age
14:03 Double-Bit Axe
17:29 Scale Barding Armor
18:09 Horse Collar
20:41 Forging
22:58 Castle Age
23:12 Light Cavalry
24:03 Bloodlines
23:54 Husbandry
24:38 Chain Barding Armor
25:08 Bow Saw
31:20 Heavy Plow
33:14 Iron Casting
Connection lost

Rejoining the realm…

Still unreachable

The connection could not be restored.

Session expired

The server has moved on; the page needs a fresh start.